 Dungeon Crawl Stone Soup version 0.30-a0-618-gd6c86c23d0 (webtiles) character file.

Game seed: 9696524280802964666

137 avis the Chopper (level 5, -5/47 HPs)
             Began as a Hill Orc Monk on Jan 9, 2023.
             Slain by a gnoll
             ... wielding a +0 halberd
              (14 damage)
             ... on level 3 of the Dungeon.
             The game lasted 00:08:52 (3267 turns).

avis the Chopper (Hill Orc Monk)                    Turns: 3267, Time: 00:08:52

Health: -5/47      AC:  2    Str: 15      XL:     5   Next: 20%
Magic:  5/5        EV: 12    Int:  9      God:
Gold:   111        SH:  0    Dex: 14 (17) Spells: 4/4 levels left

rFire   . . .      SeeInvis .    a - +0 hand axe
rCold   . . .      Faith    .    (no shield)
rNeg    . . .      Spirit   .    b - +0 robe
rPois   .          Reflect  .    (no helmet)
rElec   .          Harm     .    (no cloak)
rCorr   .          Rampage  .    (no gloves)
Will    .....                    (no boots)
Stlth   ++                       (no amulet)
HPRegen 0.27/turn                (no ring)
MPRegen 0.09/turn                (no ring)

@: no status effects
A: agile 1, subdued magic 1
a: no special abilities


You were on level 3 of the Dungeon.
You visited 1 branch of the dungeon, and saw 3 of its levels.

You collected 111 gold pieces.

Inventory:

Hand Weapons
 a - a +0 hand axe (weapon)
 f - a +0 dagger of speed
 k - a +0 sling
 n - a +0 spear
 t - a +0 spear
 u - a +0 spear
 v - a +0 spear
Armour
 b - a +0 robe (worn)
Scrolls
 g - 2 scrolls of poison {unknown}
 h - a scroll of vulnerability {unknown}
 j - a scroll of fear {unknown}
 l - a scroll of identify {unknown}
 m - a scroll of teleportation {unknown}
 o - a scroll of magic mapping {unknown}
 q - 3 scrolls of brand weapon {unknown}
Potions
 c - 3 potions of heal wounds {unknown}
 d - a potion of haste
 e - a potion of degeneration
 i - a potion of curing {unknown}
 p - a potion of lignification {unknown}
 r - a potion of brilliance {unknown}
 s - a potion of cancellation {unknown}


   Skills:
 + Level 4.9 Fighting
 * Level 6.6 Axes
 - Level 2.4 Dodging
 - Level 1.5 Stealth


You had 4 spell levels left.
You didn't know any spells.
Your spell library was empty.

Dungeon Overview and Level Annotations

Branches:
Dungeon (3/15)

Altars:


Innate Abilities, Weirdness & Mutations

You are agile. (Dex +4, Str/Int -1)
Your spells are a little easier to cast, but a little less powerful.


Message History

You hit the gnoll.
The gnoll is moderately wounded.
You hit the gnoll. The gnoll misses you. The gnoll barely misses you.
You barely miss the gnoll.
The gnoll is moderately wounded.
You barely miss the gnoll. The gnoll closely misses you.
The gnoll barely misses you.
You hit the gnoll.
The gnoll is heavily wounded.
You barely miss the gnoll. The gnoll closely misses you. The gnoll misses you.
You hit the gnoll.
The gnoll is heavily wounded.
You closely miss the gnoll. You barely miss the gnoll.
The gnoll is heavily wounded.
You hit the gnoll but do no damage. The gnoll closely misses you.
The gnoll hits you with a +0 spear.
You barely miss the gnoll.
The gnoll is heavily wounded.
You hit the gnoll. The gnoll closely misses you.
The gnoll hits you with a +0 spear.
You completely miss the gnoll.
The gnoll is heavily wounded.
You hit the gnoll.
You kill the gnoll!
The gnoll hits you with a +0 halberd.
You hit the gnoll.
The gnoll is heavily wounded.
The gnoll completely misses you.
You hit the gnoll but do no damage.
The gnoll is heavily wounded.
The gnoll hits you with a +0 halberd!
* * * LOW HITPOINT WARNING * * *
You closely miss the gnoll.
The gnoll is heavily wounded.
The gnoll misses you.
You hit the gnoll but do no damage.
The gnoll is heavily wounded.
The gnoll hits you with a +0 halberd!
You die...

####...########
##.## #...#
#...# #...#
#...# #...#
######)g.######
.......@.......
..........>....
...............
####
######...######
#.. #...# #.#
#...# #†# #...#
#.# ....# #<#
#...# #.#


You could see a gnoll.

Vanquished Creatures
  3 adders (D:2)
  5 gnolls
  3 worms (D:2)
  2 dart slugs
  4 ball pythons
  3 bats (D:1)
  3 giant cockroaches
  4 goblins (D:1)
  6 hobgoblins
  2 jackals (D:1)
  3 quokkas
  17 frilled lizards
  A kobold (D:2)
56 creatures vanquished.

Vanquished Creatures (others)
  6 plants (D:1)
6 creatures vanquished.

Grand Total: 62 creatures vanquished

Notes
Turn   | Place    | Note
-------+----------+-------------------------------------------
     0 | D:1      | avis the Hill Orc Monk began the quest for the Orb.
     0 | D:1      | Reached XP level 1. HP: 19/19 MP: 1/1
   206 | D:1      | Reached XP level 2. HP: 25/27 MP: 2/2
   650 | D:1      | Reached skill level 5 in Axes
   677 | D:1      | Reached XP level 3. HP: 33/33 MP: 3/3
  1631 | D:2      | Gained mutation: Your spells are a little easier to cast,
                  | but a little less powerful. [potion of mutation]
  1631 | D:2      | Gained mutation: You are agile. (Dex +4, Str/Int -1)
                  | [potion of mutation]
  1645 | D:2      | Reached XP level 4. HP: 11/41 MP: 4/4
  2104 | D:2      | Reached skill level 6 in Axes
  2991 | D:3      | Reached XP level 5. HP: 31/47 MP: 5/5
  3267 | D:3      | Slain by a gnoll

Illustrated notes

Levels and vault maps discovered:
D:1:      sevenhm_arrival_forest_fort_small_3, layout_basic,
          roderic_roman_lattice, fountainhead, minmay_lizard_king
D:2:      layout_basic
D:3:      layout_loops_cross, uniq_robin

Skill      XL: |  1  2  3  4 |
---------------+-------------+-----
Fighting       | 4 |  4.9
Axes           | 5 6 |  6.6
Dodging        | |  2.4
Stealth        | |  1.5

Action                   |  1- 3 |  4- 6 || total
-------------------------+-------+-------++-------
Melee: Hand axe          |   202 |    91 ||   293
       Punch             |     3 |     1 ||     4
  Use: Potion            |     4 |       ||     4
 Stab: Sleeping          |     3 |       ||     3
       Distracted        |       |     1 ||     1
Armor: Robe              |    47 |     5 ||    52
Dodge: Dodged            |   129 |    61 ||   190

Table legend: (Time is in decaauts)
 A = Elapsed time spent in this place.
 B = Non-inter-level travel time spent in this place.
 C = Inter-level travel time spent in this place.
 D = Time resting spent in this place.
 E = Time spent auto-exploring this place.
 F = Levels seen in this place.
 G = Mean time per level.
                   A        B        C        D        E       F      G
               +--------+--------+--------+--------+--------+-----+--------+
         Total |   3265 |   2914 |    351 |    799 |   1391 |   3 | 1088.3 |
       Dungeon |   3265 |   2914 |    351 |    799 |   1391 |   3 | 1088.3 |
               +--------+--------+--------+--------+--------+-----+--------+

Top non-repeatable levels by time:
     D:2: 1813 daAuts
     D:1: 1320 daAuts
     D:3: 131 daAuts
